caseeds, neutral male human Barbarian ---- ---..| ---- |....| ---- --..| |....---- |..----- |..-- ---....|.- |....|.-----..--- |.......| --.......---....| |.......| --.............| ---....--- ----.....--.--- ----...| ----.|...| ---.--- |--.--- |...|----- |...| --..|.--.--- ---.--- ->.%.)...... |...| |.*.......--.--.--- --...--.........| --.------......| ... --....---------..----------M@G --........(.................G --.----------------------.- - caseeds the Pillager Experience level: 5 Strength: 18/02 Dexterity: 17 Constitution: 18 Intelligence: 7 Wisdom: 7 Charisma: 6 Health: 0(65) Energy: 11(11) Def: 6 Gold: 126 Moves: 1360 Dungeon seed: lTxaXNP0uXfrpkc- Game ID: caseeds_1507140768 Your Inventory: Coins $ - 126 gold pieces Weapons a - a +0 two-handed sword (weapon in hands) b - a +0 axe (alternate weapon; not wielded) Armor e - an uncursed +0 pair of elven boots q - a blessed +1 dwarvish cloak r - an uncursed +0 banded mail (being worn) y - an uncursed +0 pair of iron shoes z - an uncursed +0 dwarvish cloak A - a cursed -2 pair of iron shoes N - a cursed +0 dwarvish iron helm Y - a blessed +0 dwarvish mithril-coat Comestibles c - 2 uncursed food rations h - an uncursed tripe ration k - an uncursed egg p - an uncursed lichen corpse Spellbooks i - an uncursed spellbook of detect monsters Potions d - an uncursed potion of oil o - a blessed potion of monster detection s - an uncursed potion of paralysis x - an uncursed potion of extra healing Rings l - an uncursed ring of conflict m - an uncursed ring of levitation Wands j - a wand of light (0:12) n - a wand of cold (0:4) Tools f - an uncursed blindfold g - an uncursed tin opener v - a +0 pick-axe w - 5 uncursed tallow candles (0:200) Spells and supernatural/magical abilities: Name Level Category Fail Memory W - pray for help -- divine ? -- Your skills at the end: Fighting Skills bare handed combat [Basic] Weapon Skills axe [Basic] two-handed sword [Basic] Spellcasting Skills Final Attributes: You were piously aligned. You were poison resistant. You were lucky. You are dead. Vanquished creatures: 2 small mimics a shrieker 2 gnome lords 2 giant ants 3 dwarves an iguana a coyote 10 gnomes a gnome zombie 3 jackals a fox 2 kobolds a goblin a sewer rat 3 lichens 3 newts 37 creatures vanquished. Voluntary challenges: You were an atheist. You used a wielded weapon 36 times, starting on turn 75. You were illiterate. You never genocided any monsters. You never polymorphed an object. You never changed form. You used no wishes. You never split a pudding. You never wrote Elbereth's name. You never violated your personal moral code. Dungeon overview: The Dungeons of Doom: levels 1 to 4 Level 1 a long staircase Level 2 a fountain Level 3 an armor shop, a fountain stairs to The Gnomish Mines Level 4 The Gnomish Mines: levels 4 to 6 Level 4 stairs to The Dungeons of Doom Level 5 <- You were here Level 6 History has recorded: On T:1 you entered the Dungeons of Doom to retrieve the Amulet of Yendor! On T:141 you reached level 2 of The Dungeons of Doom. On T:215 you reached level 3 of The Dungeons of Doom. On T:668 you reached level 4 of The Dungeons of Doom. On T:669 you advanced to experience level 2. On T:716 you advanced to experience level 3. On T:769 you advanced to experience level 4. On T:990 you reached level 1 of The Gnomish Mines. On T:1082 you advanced to experience level 5. On T:1166 you reached level 2 of The Gnomish Mines. On T:1234 you reached level 3 of The Gnomish Mines. Score breakdown: Gold: 126 ( 7156 points) Experience: 5 levels (11141 points) Exploration: 6 levels ( 12.77%) ( 9890 points) Discoveries: 2 items ( 0.81%) ( 2705 points) Valuables value: (no points given unless you survive) Artifact value: 0 ( 0 points) Variety of kills: 16 monsters ( 4.20%) ( 6147 points) Turncount: 1360 turns ( 0 points) Survival: died (score multiplied by 80%) Total score: 29631 Latest messages: The giant ant misses. The giant ant bites! You miss the giant ant. The giant ant misses. The giant ant bites! (2x) You kill the giant ant! There are a few objects here. The dwarf lord zaps a glass wand! The wand hits you! You smite the dwarf lord! The dwarf lord turns to flee! You miss the kobold mummy. The kobold mummy hits! (2x) The gnome hurls a sky blue potion! The phial crashes on your head and breaks into shards. Something seems to be holding you. The gnome wields an aklys! The gnome lord hits! (2x) The kobold mummy hits! The gnome swings her aklys. The gnome hits! You die... Final status: Goodbye caseeds the Barbarian, killed by a gnome, while frozen by potion vapours... You died in The Gnomish Mines on dungeon level 5 with 29631 points, and 126 pieces of gold, after 1360 moves. You were level 5 with a maximum of 65 hit points when you died.